 Dungeon Crawl Stone Soup version 0.28.0-55-gcd9437bce4 (webtiles) character file.

Game seed: 5022678311363749887

1360 AarnesTheHuman the Shield-Bearer (level 8, -2/67 HPs)
             Began as a Gnoll Fighter on Jan 2, 2023.
             Was an Initiate of Qazlal.
             Slain by an orc
             ... wielding a +0 club
              (5 damage)
             ... on level 5 of the Dungeon.
             The game lasted 00:08:35 (7363 turns).

AarnesTheHuman the Shield-Bearer (Gnoll Fighter)    Turns: 7363, Time: 00:08:36

Health: -2/67      AC:  9    Str: 17    XL:     8   Next: 64%
Magic:  13/13      EV: 10    Int:  7    God:    Qazlal [......]
Gold:   196        SH:  6    Dex: 13    Spells: 13/13 levels left

rFire   . . .      SeeInvis .   a - +2 dagger (speed)
rCold   . . .      Faith    .   c - +0 buckler
rNeg    . . .      Spirit   .   b - +0 scale mail
rPois   .          Reflect  .   (no helmet)
rElec   .          Harm     .   (no cloak)
rCorr   .          Rampage  .   s - +0 pair of gloves
Will    .....                   (no boots)
Stlth   +.........              (no amulet)
HPRegen 0.21/turn               (no ring)
MPRegen 0.13/turn               (no ring)

@: no status effects
A: fangs 1, strong nose, distributed training
a: Renounce Religion


You were on level 5 of the Dungeon.
You worshipped Qazlal.
Qazlal was noncommittal.
You visited 2 branches of the dungeon, and saw 7 of its levels.

You collected 196 gold pieces.

Inventory:

Hand Weapons
 a - a +2 dagger of speed (weapon)
 e - a +0 hunting sling of freezing
 x - a +1 war axe
Missiles
 g - 116 stones (quivered)
 p - 6 silver boomerangs
Armour
 b - a +0 scale mail (worn)
 c - a +0 buckler (worn)
 s - a +0 pair of gloves (worn)
Jewellery
 j - a ring of protection from fire
 l - a ring of positive energy
 r - a ring of resist corrosion
 y - a ring of ice
 B - a ring of magical power
Wands
 f - a wand of mindburst (13)
 A - a wand of paralysis (2)
Scrolls
 h - a scroll of immolation
 o - a scroll of enchant weapon
 t - 5 scrolls of magic mapping
 v - a scroll of identify
 w - a scroll of fog {unknown}
 C - a scroll of holy word
Potions
 d - 2 potions of might
 i - a potion of mutation
 k - 2 potions of curing
 m - 2 potions of attraction
 n - a potion of lignification
 q - a potion of haste {unknown}
 u - 3 potions of brilliance {unknown}
 z - a potion of flight {unknown}


   Skills:
 + Level 7.4 Fighting
 + Level 3.4 Short Blades
 + Level 3.4 Long Blades
 + Level 5.8 Axes
 + Level 3.4 Maces & Flails
 + Level 3.4 Polearms
 + Level 3.4 Staves
 + Level 3.4 Slings
 + Level 3.4 Bows
 + Level 3.4 Crossbows
 + Level 3.4 Throwing
 + Level 7.4 Armour
 + Level 3.4 Dodging
 + Level 3.4 Stealth
 + Level 7.4 Shields
 + Level 3.4 Unarmed Combat
 + Level 3.4 Spellcasting
 + Level 2.8 Conjurations
 + Level 2.8 Hexes
 + Level 2.8 Summonings
 + Level 2.8 Necromancy
 + Level 2.8 Translocations
 + Level 2.8 Transmutations
 + Level 2.8 Fire Magic
 + Level 2.8 Ice Magic
 + Level 2.8 Air Magic
 + Level 2.8 Earth Magic
 + Level 2.8 Poison Magic
 + Level 3.8 Invocations
 + Level 3.4 Evocations


You had 13 spell levels left.
You didn't know any spells.
Your spell library contained the following spells:

 Spells                   Type           Power      Damage    Failure   Level
 Ensorcelled Hibernation  Hex/Ice        10%        N/A       50%         2
 Passwall                 Tmut/Erth      4%         N/A       50%         2
 Stone Arrow              Conj/Erth      10%        3d7       75%         3
 Swiftness                Air            5%         N/A       75%         3
 Animate Armour           Summ/Erth      10%        N/A       98%         4
 Lehudib's Crystal Spear  Conj/Erth      2%         10d2      100%        8


Dungeon Overview and Level Annotations

Branches:
Dungeon (6/15)             Temple (1/1) D:4

Altars:
Ashenzari
Cheibriados
Dithmenos
Elyvilon
Fedhas
Gozag
Hepliaklqana
Makhleb
Nemelex Xobeh
Qazlal
Sif Muna
Trog
Vehumet
Wu Jian
Yredelemnul
The Shining One

Annotations:
D:3 1 runed translucent door


Innate Abilities, Weirdness & Mutations

You have very sharp teeth.
Your uncanny sense of smell can sniff out nearby items.
Your experience applies equally to all skills.


Message History

You block the orc priest's attack. Something hits you but does no damage.
You hit the orc priest but do no damage.
You bite the orc priest.
The orc priest is almost dead.
The orc priest calls down the wrath of Beogh upon you.
Beogh smites you!
* * * LOW HITPOINT WARNING * * *
Something hits you but does no damage.
You closely miss the orc priest.
The orc priest is almost dead.
You hit the orc priest but do no damage.
The orc priest is almost dead.
The orc priest mumbles some strange prayers to Beogh against you.
Beogh smites you!
* * * LOW HITPOINT WARNING * * *
You hear some strange, mumbled words.
A puff of flame appears from out of thin air!
The puff of flame misses you.
You hit the orc priest but do no damage.
The orc priest is almost dead.
You block the orc priest's attack. Something hits you.
* * * LOW HITPOINT WARNING * * *
You hit the orc priest.
You kill the orc priest!
Qazlal accepts your kill. Something hits you.
* * * LOW HITPOINT WARNING * * *
The orc hits you with a +0 club.
* * * LOW HITPOINT WARNING * * *
There is an open door, spattered with blood here.
Items here: )) [ †.
You barely miss the orc. You bite the orc, but do no damage.
Something hits you but does no damage. The orc closely misses you.
You hit the orc.
The orc is lightly wounded.
You barely miss something. Something hits you but does no damage.
The orc hits you but does no damage.
You hit something. You bite something. Something hits you but does no damage.
The orc hits you with a +0 club.
You die...

#....#.....................#...>.
#.##'#.....................######
#.#.......#############..........
..#.......#...........#..........
..'.......#...........#..........
..#.......#...........'..........
..#.......#'#######...#..........
..###.....#....########......####
....#.....#.....@o....#......#
....#.....'....{#.....#......#
....#.....#.....#.....#......#
#####.....#.>##########......##
.......#####+#,...............#
.......#.....#,...............#
.......#.....#,...............#
.......')....#,........(......#
.......#.....#,.......†.......#


You could see an orc.

Vanquished Creatures
  A sky beast (D:5)
  A necrophage (D:5)
  2 ogres
  A centaur (D:5)
  2 phantoms
  A bullfrog (D:6)
  A scorpion (D:5)
  4 hounds (D:5)
  A bullfrog skeleton (D:5)
  An orc priest (D:5)
  An iguana (D:5)
  Terence (D:3)
  Natasha (thrice) (D:2)
  2 orc wizards
  10 gnolls
  Robin (D:3)
  8 adders
  A white imp (D:5)
  An ufetubus (D:6)
  4 worms
  A dart slug (D:1)
  16 orcs
  4 endoplasms
  2 giant cockroaches (D:4)
  21 goblins
  11 hobgoblins
  3 quokkas
  8 ball pythons
  4 bats
  A frilled lizard (D:1)
  3 kobolds
  6 rats
127 creatures vanquished.

Vanquished Creatures (others)
  A goblin (D:3)
  9 plants (D:3)
10 creatures vanquished.

Grand Total: 137 creatures vanquished

Notes
Turn   | Place    | Note
-------+----------+-------------------------------------------
     0 | D:1      | AarnesTheHuman the Gnoll Fighter began the quest for the
                  | Orb.
     0 | D:1      | Reached XP level 1. HP: 23/23 MP: 1/1
   189 | D:1      | Reached XP level 2. HP: 29/29 MP: 2/2
  1143 | D:2      | Noticed Natasha
  1151 | D:2      | Killed Natasha
  1152 | D:2      | Reached skill level 1 in Invocations
  1152 | D:2      | Reached XP level 3. HP: 15/35 MP: 2/4
  1156 | D:2      | Noticed Natasha
  1340 | D:2      | Killed Natasha
  1341 | D:2      | Reached skill level 1 in Short Blades
  1341 | D:2      | Reached skill level 1 in Long Blades
  1341 | D:2      | Reached skill level 1 in Maces & Flails
  1341 | D:2      | Reached skill level 1 in Polearms
  1341 | D:2      | Reached skill level 1 in Staves
  1341 | D:2      | Reached skill level 1 in Slings
  1341 | D:2      | Reached skill level 1 in Bows
  1341 | D:2      | Reached skill level 1 in Crossbows
  1341 | D:2      | Reached skill level 1 in Throwing
  1341 | D:2      | Reached skill level 1 in Dodging
  1341 | D:2      | Reached skill level 1 in Stealth
  1341 | D:2      | Reached skill level 1 in Unarmed Combat
  1341 | D:2      | Reached skill level 1 in Spellcasting
  1341 | D:2      | Reached skill level 1 in Evocations
  1341 | D:2      | Reached XP level 4. HP: 36/41 MP: 5/5
  1541 | D:2      | Reached skill level 1 in Conjurations
  1541 | D:2      | Reached skill level 1 in Hexes
  1541 | D:2      | Reached skill level 1 in Summonings
  1541 | D:2      | Reached skill level 1 in Necromancy
  1541 | D:2      | Reached skill level 1 in Translocations
  1541 | D:2      | Reached skill level 1 in Transmutations
  1541 | D:2      | Reached skill level 1 in Fire Magic
  1541 | D:2      | Reached skill level 1 in Ice Magic
  1541 | D:2      | Reached skill level 1 in Air Magic
  1541 | D:2      | Reached skill level 1 in Earth Magic
  1541 | D:2      | Reached skill level 1 in Poison Magic
  1833 | D:2      | Reached XP level 5. HP: 44/47 MP: 6/6
  1998 | D:2      | Noticed Natasha
  2011 | D:2      | Killed Natasha
  2527 | D:3      | Noticed Terence
  2538 | D:3      | Killed Terence
  2541 | D:3      | Reached XP level 6. HP: 9/53 MP: 8/8
  2947 | D:3      | Noticed Robin
  3388 | D:3      | Killed Robin
  3389 | D:3      | Reached skill level 5 in Axes
  3487 | D:3      | Found a faded altar of an unknown god.
  3724 | D:3      | Found a hazy altar of Hepliaklqana.
  3819 | D:3      | Found a runed translucent door.
  3844 | D:3      | You fall into a shaft and drop 3 floors!
  3883 | D:6      | Noticed an ice beast
  4119 | D:6      | Reached XP level 7. HP: 56/60 MP: 10/10
  4157 | D:5      | Entered Level 5 of the Dungeon
  4897 | D:4      | Found a shadowy altar of Dithmenos.
  5119 | D:4      | Found a staircase to the Ecumenical Temple.
  5139 | Temple   | Entered the Ecumenical Temple
  5403 | Temple   | Became a worshipper of Qazlal Stormbringer
  5642 | D:5      | Reached XP level 8. HP: 27/67 MP: 12/12
  7359 | D:5      | HP: 3/67 [something (3)]
  7363 | D:5      | Slain by an orc

Illustrated notes

Levels and vault maps discovered:
D:1:      dpeg_arrival_refuge, layout_basic, serial_co_window_serial,
          co_window_of_opportunity_a, co_window_corner_a, co_window_corner_a,
          co_window_paths_b, co_window_paths_a, co_window_paths_c,
          co_window_unsneaky_path_b, co_window_corner_b, co_window_corner_b,
          co_window_of_opportunity_b, co_window_paths_e, co_window_paths_d,
          glass_columns_a, glass_columns_a, glass_columns_c, glass_columns_a
D:2:      layout_loops_ring, uniq_natasha
D:3:      layout_basic, nicolae_hepliaklqana_hazy_memory,
          ebering_ecumenical_altar_box, ebering_ghost_reflecting_pool,
          uniq_terence, uniq_robin
D:4:      cheibrodos_greedy_goblins, layout_loops_ring, grunt_dithmenos_smoke,
          minmay_temple_entry_mini_moons
D:5:      layout_gridville, uniq_pikel
D:6:      layout_basic, nicolae_ru_great_annihilating_truth,
          eat_drink_and_be_merry_uskayaw, uniq_edmund
Temple:   eino_temple_water

Skill      XL: |  1  2  3  4  5  6  7  8 |
---------------+-------------------------+-----
Invocations    | 1 2 3 |  3.8
Short Blades   | 1 2 3 |  3.4
Long Blades    | 1 2 3 |  3.4
Maces & Flails | 1 2 3 |  3.4
Polearms       | 1 2 3 |  3.4
Staves         | 1 2 3 |  3.4
Slings         | 1 2 3 |  3.4
Bows           | 1 2 3 |  3.4
Crossbows      | 1 2 3 |  3.4
Throwing       | 1 2 3 |  3.4
Dodging        | 1 2 3 |  3.4
Stealth        | 1 2 3 |  3.4
Unarmed Combat | 1 2 3 |  3.4
Spellcasting   | 1 2 3 |  3.4
Evocations     | 1 2 3 |  3.4
Conjurations   | 1 2 |  2.8
Hexes          | 1 2 |  2.8
Summonings     | 1 2 |  2.8
Necromancy     | 1 2 |  2.8
Translocations | 1 2 |  2.8
Transmutations | 1 2 |  2.8
Fire Magic     | 1 2 |  2.8
Ice Magic      | 1 2 |  2.8
Air Magic      | 1 2 |  2.8
Earth Magic    | 1 2 |  2.8
Poison Magic   | 1 2 |  2.8
Axes           | 5 |  5.8
Fighting       | 7 |  7.4
Armour         | 7 |  7.4
Shields        | 7 |  7.4

Action                   |  1- 3 |  4- 6 |  7- 9 || total
-------------------------+-------+-------+-------++-------
Melee: War axe           |    59 |   157 |    29 ||   245
       Bite              |     5 |     9 |    55 ||    69
       Dagger            |       |       |   445 ||   445
  Use: Scroll            |       |     4 |     9 ||    13
Armor: Scale mail        |    24 |    74 |   132 ||   230
Dodge: Dodged            |    15 |    70 |   131 ||   216
Block: Buckler           |     9 |    49 |    76 ||   134
